AoeStats
← Drumstein

Arena

509350779Analyzed
4v4 RM · 5d ago on Sep 26, 2026· 49m 6s· 8 players
Game mode
Random Map
Map size
Large (8 player)
Population
200
Speed
Normal
Resources
Standard
Victory
Conquest
Starting age
Dark Age
Ending age
Imperial Age
RankedLock teamsTeams togetherTeam positionsShared explorationLock speedFull tech treeHidden civsTurbo modeCheats
Victory
Defeat
🇫🇷 Bohemians · France
991
+11
🇩🇰 Lithuanians · Denmark
960
+12
🇩🇪 Japanese · Germany
921
+13
🇫🇷 Portuguese · France
910
+24
🇨🇳 Persians · China
920
-42
🇦🇺 Turks · Australia
875
-13
🇨🇳 Chinese · China
851
-29
🇨🇳 Celts · China
807
-23
WaRe MPaSsioN
0:28 Loom
12:00 Feudal Age
13:20 Double-Bit Axe
13:19 Horse Collar
20:21 Castle Age
22:45 Town Watch
23:39 Wheelbarrow
30:32 Imperial Age
30:29 Hand Cart
32:46 Conscription
32:58 Fletching
33:30 Ballistics
33:06 Murder Holes
34:18 Fortified Wall
35:11 Chemistry
35:42 Town Patrol
36:59 Conscription
36:00 Elite Hussite Wagon
37:27 Pikeman
38:21 Forging
38:11 Scale Mail Armor
38:59 Halberdier
43:38 Bombard Tower
43:25 Siege Engineers
47:04 Iron Casting
46:45 Chain Mail Armor
maltheh9797
11:03 Feudal Age
14:41 Castle Age
13:30 Double-Bit Axe
13:28 Horse Collar
22:29 Scale Barding Armor
23:31 Wheelbarrow
22:42 Town Watch
24:48 Forging
24:59 Chain Barding Armor
26:06 Iron Casting
25:46 Squires
30:34 Imperial Age
28:36 Bloodlines
28:26 Husbandry
28:38 Fletching
30:08 Gold Mining
30:15 Light Cavalry
30:47 Cavalier
32:40 Plate Barding Armor
33:11 Chemistry
32:32 Paladin
35:03 Bodkin Arrow
35:08 Scale Mail Armor
36:58 Thumb Ring
36:57 Bracer
37:15 Chain Mail Armor
37:17 Stone Mining
39:27 Elite Skirmisher
40:13 Padded Archer Armor
40:04 Loom
41:29 Ballistics
40:50 Treadmill Crane
42:10 Tower Shields
42:31 Conscription
Paribust
11:48 Feudal Age
14:13 Double-Bit Axe
18:48 Castle Age
18:50 Gold Mining
18:51 Stone Mining
19:59 Double-Bit Axe
29:10 Imperial Age
32:46 Guilds
33:17 Treadmill Crane
33:49 Masonry
33:58 Fortified Wall
33:55 Fletching
34:09 Husbandry
35:01 Bloodlines
36:46 Chemistry
36:38 Bodkin Arrow
36:50 Scale Barding Armor
37:10 Ballistics
37:07 Town Watch
37:07 Loom
37:58 Wheelbarrow
37:43 Cavalier
38:38 Forging
38:48 Chain Barding Armor
39:57 Town Patrol
40:13 Hand Cart
40:50 Plate Barding Armor
41:24 Bracer
41:25 Scale Mail Armor
43:55 Iron Casting
43:21 Padded Archer Armor
43:37 Chain Mail Armor
44:24 Architecture
45:15 Bombard Tower
47:14 Siege Engineers
Drumstein
0:37 Loom
12:14 Feudal Age
12:46 Double-Bit Axe
18:31 Castle Age
17:02 Man-at-Arms
19:20 Squires
19:48 Bow Saw
19:34 Horse Collar
19:42 Pikeman
22:06 Arson
23:43 Long Swordsman
31:29 Imperial Age
29:14 Murder Holes
30:27 Wheelbarrow
29:40 Town Watch
30:30 Gold Mining
31:52 Heavy Plow
33:32 Two-Man Saw
35:13 Conscription
34:29 Elite Skirmisher
35:18 Thumb Ring
35:34 Capped Ram
36:43 Two-Handed Swordsman
38:27 Halberdier
39:41 Champion
42:52 Kataparuto
43:54 Yasama
46:37 Chemistry
45:58 Ballistics
47:05 Forging
46:57 Scale Mail Armor
47:06 Siege Engineers
48:24 Masonry
47:55 Treadmill Crane
49:21 Hoardings
风战
5:52 Loom
12:57 Feudal Age
17:42 Castle Age
15:40 Horse Collar
15:49 Double-Bit Axe
19:08 Wheelbarrow
18:36 Stone Mining
18:43 Gold Mining
19:19 Bow Saw
21:18 Gold Shaft Mining
21:18 Stone Shaft Mining
23:22 Heavy Plow
25:24 Hand Cart
26:24 Stone Shaft Mining
31:14 Imperial Age
30:01 Fortified Wall
31:27 Heavy Scorpion
32:57 Guilds
34:38 Caravan
35:47 Ballistics
35:34 Siege Engineers
36:59 Furor Celtica
41:10 Forging
41:01 Scale Mail Armor
44:26 Elite Woad Raider
47:04 Chain Mail Armor
47:24 Iron Casting
46:50 Pikeman
小菜鸡
12:39 Feudal Age
13:14 Double-Bit Axe
13:11 Horse Collar
19:00 Castle Age
17:41 Gold Mining
17:43 Stone Mining
19:52 Heavy Plow
20:04 Bow Saw
20:34 Gold Shaft Mining
20:36 Stone Shaft Mining
28:18 Imperial Age
30:17 Wheelbarrow
29:55 Gambesons
30:12 Squires
29:34 Pikeman
30:29 Caravan
30:47 Guilds
30:18 Pikeman
31:54 Halberdier
33:41 Scale Mail Armor
33:49 Husbandry
35:08 Chain Mail Armor
35:39 Cavalier
36:30 Bloodlines
37:07 Hand Cart
36:37 Elite War Elephant
38:08 Conscription
37:51 Kamandaran
38:29 Citadels
38:38 Loom
39:43 Scale Barding Armor
39:48 Forging
42:12 Chemistry
44:30 Chain Barding Armor
44:45 Iron Casting
resistancejohnconner
4:19 Loom
5:35 Loom
11:24 Feudal Age
15:33 Castle Age
13:54 Horse Collar
14:03 Double-Bit Axe
16:50 Wheelbarrow
16:23 Heavy Plow
20:26 Bow Saw
21:48 Gold Mining
22:32 Hand Cart
24:01 Stone Mining
28:24 Gold Shaft Mining
31:48 Imperial Age
31:48 Padded Archer Armor
31:39 Fletching
31:59 Thumb Ring
32:21 Ballistics
34:03 Bombard Tower
41:58 Leather Archer Armor
41:39 Bodkin Arrow
50:11 Ring Archer Armor
49:42 Bracer
小墨
0:37 Loom
10:07 Feudal Age
16:06 Wheelbarrow
15:50 Horse Collar
15:58 Double-Bit Axe
18:49 Castle Age
16:45 Gold Mining
17:34 Man-at-Arms
18:17 Fletching
25:59 Murder Holes
30:47 Imperial Age
28:33 Bow Saw
29:00 Great Wall
29:16 Heavy Plow
29:09 Stone Mining
30:01 Gold Shaft Mining
29:29 Stone Mining
30:17 Fortified Wall
29:35 Pikeman
31:09 Squires
33:12 Conscription
33:09 Masonry
34:54 Ballistics
36:48 Hand Cart
40:10 Thumb Ring
39:26 Elite Skirmisher
40:04 Bodkin Arrow
40:10 Padded Archer Armor
42:33 Bracer
42:49 Leather Archer Armor
44:08 Chemistry
44:53 Cavalier
45:44 Bloodlines
46:47 Halberdier
Connection lost

Rejoining the realm…

Still unreachable

The connection could not be restored.

Session expired

The server has moved on; the page needs a fresh start.